Sabres vs Penguins
Created - May 11, 2025 at 10:59
Goals
|
| Sabres |
1 |
0 |
3 |
1 |
5 |
| Penguins |
2 |
1 |
1 |
0 |
4 |
|
Shots
|
| Sabres |
14 |
4 |
9 |
2 |
29 |
| Penguins |
6 |
11 |
12 |
0 |
29 |
|
1st period
1. Sabres , Mika Zibanejad 35 (Chris Kreider 38, Teuvo Teravainen 38) at 3:11
2. Penguins , Brock Nelson 12 (Mathew Barzal 15, Nick Blankenburg 9) at 4:05
3. Penguins , Marcus Foligno 15 (Brandon Tanev 14, Sam Gagner 15) at 8:27
Penalties :
Adam Fox (Pit) for Slashing (Double Minor) at 9:34
2nd period
4. Penguins , Sebastian Aho 24 (Nick Blankenburg 10, Nick Leddy 18) at 15:42
Penalties :
Keith Aulie (Pit) for High sticking (Minor) at 13:03
3rd period
5. Sabres , Chris Kreider 32 (Mika Zibanejad 66, Teuvo Teravainen 39) at 6:45
6. Sabres , Jimmy Vesey 11 (Ryan O'Reilly 20, Victor Hedman 21) at 10:37
7. Sabres , Corey Perry 10 (Michael Matheson 21, Mika Zibanejad 67) at 12:16
8. Penguins , Kirill Kaprizov 18 (Adam Fox 29) at 16:37 (PP)
Penalties :
Artemi Panarin (Buf) for Goalie Interference (Minor) at 15:59
Overtime #1
9. Sabres , Ryan O'Reilly 13 (Evgeni Malkin 29, Mathew Dumba 29) at 1:01
Penalties :
No Penalty
Goalie Stats
Igor Shesterkin (Buf), 25 saves from 29 shots - (0.862), W, 25-25-6, 61:01 minutes
Ondrej Pavelec (Pit), 24 saves from 29 shots - (0.828), OTL, 18-15-4, 61:01 minutes
Players Stats for Sabres
Player Name G A P +/- PIM S H SB GA TA FO MP PP MP PK MP
------------------------------------------------------------------------------------
Artemi Panarin 0 0 0 0 2 3 2 1 3 0 0/0 19:04 2:40 0:00
Brent Seabrook 0 0 0 1 0 0 1 1 0 1 0/0 21:24 2:44 0:26
Cal Clutterbuck 0 0 0 0 0 3 0 0 0 0 0/1 18:58 2:40 0:00
Chris Kreider 1 1 2 2 0 1 1 0 0 0 0/2 19:28 2:48 0:38
Corey Perry 1 0 1 0 0 2 0 0 0 0 0/0 8:59 0:30 0:05
Evgeni Malkin 0 1 1 1 0 1 0 0 0 0 9/10 18:50 2:40 0:00
Jakob Chychrun 0 0 0 -1 0 0 2 2 0 1 0/0 11:33 0:00 0:00
Jimmy Vesey 1 0 1 -1 0 4 0 0 1 0 0/2 13:39 0:00 0:00
Jonas Brodin 0 0 0 -1 0 0 0 0 0 1 0/0 3:58 0:00 0:00
Mathew Dumba 0 1 1 2 0 1 0 2 1 0 0/0 27:38 3:14 0:12
Michael Matheson 0 1 1 1 0 1 2 0 0 0 0/0 21:24 2:44 0:26
Mika Zibanejad 1 2 3 2 0 4 1 1 2 0 13/21 25:00 2:48 0:33
Ryan O'Reilly 1 1 2 0 0 5 2 2 0 0 3/7 16:10 0:30 0:00
Teuvo Teravainen 0 2 2 2 0 2 1 0 0 0 0/1 18:43 2:48 0:00
Timo Meier 0 0 0 -1 0 2 1 0 1 0 0/0 15:20 0:30 0:00
Tomas Nosek 0 0 0 0 0 0 1 0 0 0 0/0 7:12 0:00 0:00
Tyson Barrie 0 0 0 -1 0 0 1 1 0 0 0/0 11:33 0:00 0:00
Victor Hedman 0 1 1 2 0 0 1 1 1 0 0/0 23:31 3:14 0:12
Players Stats for Penguins
Player Name G A P +/- PIM S H SB GA TA FO MP PP MP PK MP
------------------------------------------------------------------------------------
Adam Fox 0 1 1 -1 4 2 0 1 0 1 0/0 21:26 0:38 1:14
Brandon Tanev 0 1 1 1 0 3 1 0 0 0 0/0 13:00 0:00 1:52
Brock Nelson 1 0 1 -2 0 1 0 0 0 1 0/0 10:00 0:00 1:27
Gavin Bayreuther 0 0 0 1 0 0 1 0 0 1 0/0 15:07 0:00 0:54
Jakub Voracek 0 0 0 0 0 1 1 1 0 0 0/1 17:46 0:25 0:00
John Tavares 0 0 0 0 0 2 3 0 0 0 8/22 20:12 0:25 2:19
Keith Aulie 0 0 0 -2 2 1 2 3 0 2 0/0 21:19 0:00 1:54
Kirill Kaprizov 1 0 1 -1 0 3 2 1 0 0 0/0 16:42 0:13 0:17
Marcus Foligno 1 0 1 1 0 1 3 0 0 0 0/1 14:36 0:00 2:48
Mark Scheifele 0 0 0 0 0 6 1 0 0 0 1/1 17:02 0:13 0:00
Mathew Barzal 0 1 1 -2 0 3 0 0 0 0 0/0 8:21 0:00 0:00
Max Reinhart 0 0 0 -2 0 0 0 0 1 1 2/3 11:49 0:00 2:48
Nick Blankenburg 0 2 2 2 0 0 1 0 0 1 0/0 18:03 0:00 3:00
Nick Leddy 0 1 1 -1 0 1 1 2 0 0 0/0 22:02 0:00 2:16
Oscar Klefbom 0 0 0 -2 0 0 1 2 1 1 0/0 23:42 0:38 2:38
Pavel Zacha 0 0 0 0 0 1 0 0 1 0 0/1 17:46 0:25 0:00
Sam Gagner 0 1 1 1 0 0 1 0 0 0 3/5 11:33 0:00 0:25
Sebastian Aho 1 0 1 -1 0 4 0 0 0 1 5/10 16:37 0:13 0:00
3 Stars
1 - Mika Zibanejad (Buf)
2 - Chris Kreider (Buf)
3 - Ryan O'Reilly (Buf)
Power Play
Sabres - 0 on 3 Attempt(s) - 0.00%
Penguins - 1 on 1 Attempt(s) - 100.00%
Penalty Kill
Sabres - 0 on 1 Attempt(s) - 0.00%
- Score 0 goal in Penalty Kill
Penguins - 3 on 3 Attempt(s) - 100.00%
- Score 0 goal in Penalty Kill
Team Stat
Sabres - Hits : 16 - Faceoff Wins : 25 - Blocked Shots : 11 - Penalty Minutes : 2
Penguins - Hits : 18 - Faceoff Wins : 19 - Blocked Shots : 10 - Penalty Minutes : 6
Official
Referees : Conor O'Donnell and Chris Lee
Linesman : Greg Devorski and Trent Knorr
Game Notes
15:42 of 2nd period - Penguins goal is going for a video replay. After video review, Goal.
2:48 of 3rd period - Penguins goal is going for a video replay. After video review, No Goal. The puck has entered the net after making contact with an attacking player’s stick that is above the height of the crossbar.
Finance
Level 1 -- Attendance: 5646 (94.10%) -- Ticket Income $564,600
Level 2 -- Attendance: 4799 (95.98%) -- Ticket Income $335,930
Level 3 -- Attendance: 2000 (100.00%) -- Ticket Income $80,000
Level 4 -- Attendance: 4000 (100.00%) -- Ticket Income $120,000
Luxury Box -- Attendance: 978 (97.80%) -- Ticket Income $195,600
Game was played at the PPG Paint Arena.
Total Attendance: 17423 (96.79%)
Total Ticket Income: $1,296,130
Other Income: $194,420
Total Income: $1,490,550
Sabres
5 vs 5 Forward
Center Left Wing Right Wing Time % Phy DF OF
1 Mika Zibanejad Chris Kreider Teuvo Teravainen 40 1 2 2
2 Evgeni Malkin Artemi Panarin Cal Clutterbuck 30 1 2 2
3 Ryan O'Reilly Jimmy Vesey Timo Meier 20 1 2 2
4 Mika Zibanejad Tomas Nosek Corey Perry 10 1 2 2
5 vs 5 Defense
Defense Defense Time % Phy DF OF
1 Mathew Dumba Victor Hedman 40 1 2 2
2 Brent Seabrook Michael Matheson 30 1 2 2
3 Tyson Barrie Jakob Chychrun 20 1 2 2
4 Jonas Brodin Mathew Dumba 10 1 2 2
PowerPlay Forward
Center Left Wing Right Wing Time % Phy DF OF
1 Mika Zibanejad Chris Kreider Teuvo Teravainen 60 1 2 2
2 Evgeni Malkin Artemi Panarin Cal Clutterbuck 40 1 2 2
PowerPlay Defense
Defense Defense Time % Phy DF OF
1 Mathew Dumba Victor Hedman 60 1 2 2
2 Brent Seabrook Michael Matheson 40 1 2 2
Penalty Kill 4 Players Forward
Center Wing Time % Phy DF OF
1 Mika Zibanejad Chris Kreider 60 1 2 2
2 Artemi Panarin Teuvo Teravainen 40 1 2 2
Penalty Kill 4 Players Defense
Defense Defense Time % Phy DF OF
1 Mathew Dumba Victor Hedman 60 1 2 2
2 Brent Seabrook Michael Matheson 40 1 2 2
Penalty Kill - 3 Players Forward
Forward Time % Phy DF OF
1 Mika Zibanejad 60 1 2 2
2 Chris Kreider 40 1 2 2
Penalty Kill - 3 Players Defense
Defense Defense Time % Phy DF OF
1 Mathew Dumba Victor Hedman 60 1 2 2
2 Brent Seabrook Michael Matheson 40 1 2 2
4 vs 4 Forward
Center Wing Time % Phy DF OF
1 Mika Zibanejad Chris Kreider 60 1 2 2
2 Artemi Panarin Teuvo Teravainen 40 1 2 2
4 vs 4 Defense
Defense Defense Time % Phy DF OF
1 Mathew Dumba Victor Hedman 60 1 2 2
2 Brent Seabrook Michael Matheson 40 1 2 2
Last Minutes Offensive
Center Left Wing Right Wing Defense Defense
Mika Zibanejad Chris Kreider Teuvo Teravainen Mathew Dumba Victor Hedman
Last Minutes Defensive
Center Left Wing Right Wing Defense Defense
Mika Zibanejad Chris Kreider Teuvo Teravainen Mathew Dumba Victor Hedman
Goaltenders
Starting : Igor Shesterkin
Backup : Frederik Andersen
Extra Forwards
Normal : Ryan O'Reilly, Timo Meier, Corey Perry - PP : Ryan O'Reilly, Timo Meier - PK : Corey Perry
Extra Defensemen
Normal : Tyson Barrie, Jakob Chychrun, Jonas Brodin - PP : Tyson Barrie - PK : Jakob Chychrun, Jonas Brodin
Penalty Shots
Mika Zibanejad, Chris Kreider, Artemi Panarin, Teuvo Teravainen, Evgeni Malkin
Custom OT Lines Forwards
Mika Zibanejad, Chris Kreider, Artemi Panarin, Teuvo Teravainen, Evgeni Malkin, Ryan O'Reilly, Cal Clutterbuck, Timo Meier, Corey Perry, Jimmy Vesey
Custom OT Lines Defensemen
Mathew Dumba, Victor Hedman, Brent Seabrook, Michael Matheson, Tyson Barrie
Scratches
Christian Dvorak (Healthy)
Penguins
5 vs 5 Forward
Center Left Wing Right Wing Time % Phy DF OF
1 John Tavares Pavel Zacha Jakub Voracek 40 1 2 2
2 Sebastian Aho Kirill Kaprizov Mark Scheifele 30 1 2 2
3 Sam Gagner Marcus Foligno Brandon Tanev 20 1 2 2
4 Max Reinhart Brock Nelson Mathew Barzal 10 1 2 2
5 vs 5 Defense
Defense Defense Time % Phy DF OF
1 Oscar Klefbom Adam Fox 45 1 2 2
2 Keith Aulie Nick Leddy 35 1 2 2
3 Gavin Bayreuther Nick Blankenburg 20 1 2 2
4 Oscar Klefbom Keith Aulie 0 1 2 2
PowerPlay Forward
Center Left Wing Right Wing Time % Phy DF OF
1 John Tavares Pavel Zacha Jakub Voracek 60 0 2 3
2 Sebastian Aho Kirill Kaprizov Mark Scheifele 40 0 2 3
PowerPlay Defense
Defense Defense Time % Phy DF OF
1 Oscar Klefbom Adam Fox 60 0 2 3
2 Keith Aulie Nick Leddy 40 0 2 3
Penalty Kill 4 Players Forward
Center Wing Time % Phy DF OF
1 Max Reinhart Marcus Foligno 60 1 3 1
2 John Tavares Brandon Tanev 40 1 3 1
Penalty Kill 4 Players Defense
Defense Defense Time % Phy DF OF
1 Oscar Klefbom Keith Aulie 60 1 3 1
2 Adam Fox Nick Leddy 40 1 3 1
Penalty Kill - 3 Players Forward
Forward Time % Phy DF OF
1 Max Reinhart 60 1 3 1
2 John Tavares 40 1 3 1
Penalty Kill - 3 Players Defense
Defense Defense Time % Phy DF OF
1 Oscar Klefbom Keith Aulie 60 1 3 1
2 Adam Fox Nick Leddy 40 1 3 1
4 vs 4 Forward
Center Wing Time % Phy DF OF
1 John Tavares Jakub Voracek 60 1 2 2
2 Sebastian Aho Mark Scheifele 40 1 2 2
4 vs 4 Defense
Defense Defense Time % Phy DF OF
1 Oscar Klefbom Adam Fox 60 1 2 2
2 Keith Aulie Nick Leddy 40 1 2 2
Last Minutes Offensive
Center Left Wing Right Wing Defense Defense
John Tavares Kirill Kaprizov Jakub Voracek Oscar Klefbom Adam Fox
Last Minutes Defensive
Center Left Wing Right Wing Defense Defense
John Tavares Marcus Foligno Mark Scheifele Oscar Klefbom Keith Aulie
Goaltenders
Starting : Ondrej Pavelec
Backup : Jeremy Swayman
Extra Forwards
Normal : John Tavares, Sebastian Aho, Sam Gagner - PP : John Tavares, Sebastian Aho - PK : Brandon Tanev
Extra Defensemen
Normal : Oscar Klefbom, Keith Aulie, Nick Blankenburg - PP : Adam Fox - PK : Oscar Klefbom, Adam Fox
Penalty Shots
John Tavares, Mark Scheifele, Pavel Zacha, Sebastian Aho, Kirill Kaprizov
Custom OT Lines Forwards
John Tavares, Mark Scheifele, Jakub Voracek, Pavel Zacha, Sebastian Aho, Kirill Kaprizov, Sam Gagner, Mathew Barzal, Marcus Foligno, Brandon Tanev
Custom OT Lines Defensemen
Oscar Klefbom, Adam Fox, Keith Aulie, Nick Leddy, Gavin Bayreuther
Scratches
Colin Wilson (Healthy)
% Time on Ice - Sabres
Lines # - Real PCT - Wanted PCT - Time Play
Normal Forward
1 - 31% - 40% - 16:35
2 - 30% - 30% - 15:58
3 - 26% - 20% - 13:39
4 - 13% - 10% - 7:12
Normal Defense
1 - 37% - 40% - 19:39
2 - 34% - 30% - 18:14
3 - 22% - 20% - 11:33
4 - 7% - 10% - 3:58
PP Forward
1 - 55% - 60% - 3:18
2 - 45% - 40% - 2:40
PP Defense
1 - 54% - 60% - 3:14
2 - 46% - 40% - 2:44
PK Forward
1 - 100% - 60% - 0:38
2 - 0% - 40% - 0:00
PK Defense
1 - 32% - 60% - 0:12
2 - 68% - 40% - 0:26
PK3 Forward
1 - 0% - 60%
2 - 0% - 40%
PK3 Defense
1 - 0% - 60%
2 - 0% - 40%
44 Forward
1 - 0% - 60%
2 - 0% - 40%
44 Defense
1 - 0% - 60%
2 - 0% - 40%
Last Minute Offensive - 0:00
Last Minute Defensive - 0:00
Total
Forward - 60:00
Defense - 60:00
|
% Time on Ice - Penguins
Lines # - Real PCT - Wanted PCT - Time Play
Normal Forward
1 - 33% - 40% - 17:49
2 - 30% - 30% - 16:06
3 - 21% - 20% - 11:08
4 - 16% - 10% - 8:21
Normal Defense
1 - 38% - 45% - 20:05
2 - 36% - 35% - 19:06
3 - 27% - 20% - 14:13
4 - 0% - 0% - 0:00
PP Forward
1 - 66% - 60% - 0:25
2 - 34% - 40% - 0:13
PP Defense
1 - 100% - 60% - 0:38
2 - 0% - 40% - 0:00
PK Forward
1 - 77% - 60% - 4:35
2 - 23% - 40% - 1:23
PK Defense
1 - 51% - 60% - 3:02
2 - 49% - 40% - 2:56
PK3 Forward
1 - 0% - 60%
2 - 0% - 40%
PK3 Defense
1 - 0% - 60%
2 - 0% - 40%
44 Forward
1 - 0% - 60%
2 - 0% - 40%
44 Defense
1 - 0% - 60%
2 - 0% - 40%
Last Minute Offensive - 0:00
Last Minute Defensive - 0:00
Total
Forward - 60:00
Defense - 60:00
|
Play-by-Play
1st period
0:01 of 1st period - Mika Zibanejad wins face-off versus John Tavares in neutral zone.
0:14 of 1st period - Snap shot by Mika Zibanejad.
0:14 of 1st period - Stopped by Ondrej Pavelec without a rebound.
0:15 of 1st period - Sebastian Aho wins face-off versus Cal Clutterbuck in Penguins zone.
0:20 of 1st period - Wrist shot by Kirill Kaprizov.
0:20 of 1st period - Shot Misses the Net.
0:22 of 1st period - Snap shot by Mark Scheifele.
0:22 of 1st period - Deflect By Sebastian Aho.
0:22 of 1st period - Shot Blocked by Brent Seabrook.
0:22 of 1st period - Puck is out of play.
0:23 of 1st period - Evgeni Malkin wins face-off versus Sebastian Aho in Sabres zone.
0:36 of 1st period - Slapshot by Artemi Panarin.
0:36 of 1st period - Stopped by Ondrej Pavelec without a rebound.
0:37 of 1st period - Sam Gagner wins face-off versus Ryan O'Reilly in Penguins zone.
0:44 of 1st period - Wrist shot by Marcus Foligno.
0:44 of 1st period - Shot Blocked by Ryan O'Reilly.
0:46 of 1st period - Slapshot by Gavin Bayreuther.
0:46 of 1st period - Shot Blocked by Tyson Barrie.
1:09 of 1st period - Snap shot by Mathew Barzal.
1:09 of 1st period - Stopped by Igor Shesterkin without a rebound.
1:10 of 1st period - Mika Zibanejad wins face-off versus Pavel Zacha in Sabres zone.
2:29 of 1st period - Snap shot by Ryan O'Reilly.
2:29 of 1st period - Stopped by Ondrej Pavelec with a rebound.
3:09 of 1st period - Snap shot by Mika Zibanejad.
3:09 of 1st period - Shot Blocked by Keith Aulie.
3:11 of 1st period - Snap shot by Mika Zibanejad.
3:11 of 1st period - Goal by Mika Zibanejad - Sabres : 1 - Penguins : 0.
3:12 of 1st period - Mika Zibanejad wins face-off versus John Tavares in neutral zone.
3:41 of 1st period - Timo Meier is hit by Marcus Foligno.
3:45 of 1st period - Snap shot by Ryan O'Reilly.
3:45 of 1st period - Shot Blocked by Keith Aulie.
4:05 of 1st period - Wrist shot by Brock Nelson.
4:05 of 1st period - Goal by Brock Nelson - Sabres : 1 - Penguins : 1.
4:06 of 1st period - John Tavares wins face-off versus Mika Zibanejad in neutral zone.
4:19 of 1st period - Wrist shot by John Tavares.
4:19 of 1st period - Stopped by Igor Shesterkin without a rebound.
4:20 of 1st period - Sebastian Aho wins face-off versus Evgeni Malkin in Sabres zone.
4:21 of 1st period - Wrist shot by Mark Scheifele.
4:21 of 1st period - Shot Misses the Net.
5:21 of 1st period - Snap shot by Brandon Tanev.
5:21 of 1st period - Shot Misses the Net.
5:49 of 1st period - Off-side.
5:50 of 1st period - Ryan O'Reilly wins face-off versus Sebastian Aho in neutral zone.
5:53 of 1st period - Wrist shot by Ryan O'Reilly.
5:53 of 1st period - Stopped by Ondrej Pavelec without a rebound.
5:54 of 1st period - Ryan O'Reilly wins face-off versus Sebastian Aho in Penguins zone.
6:19 of 1st period - Slapshot by Jimmy Vesey.
6:19 of 1st period - Shot Blocked by Kirill Kaprizov.
6:25 of 1st period - Wrist shot by Mark Scheifele.
6:25 of 1st period - Stopped by Igor Shesterkin without a rebound.
6:26 of 1st period - Mika Zibanejad wins face-off versus John Tavares in Sabres zone.
6:42 of 1st period - Wrist shot by John Tavares.
6:42 of 1st period - Shot Misses the Net.
7:14 of 1st period - Slapshot by Jimmy Vesey.
7:14 of 1st period - Stopped by Ondrej Pavelec with a rebound.
7:16 of 1st period - Snap shot by Timo Meier.
7:16 of 1st period - Shot Blocked by Oscar Klefbom.
7:34 of 1st period - Mika Zibanejad is hit by Kirill Kaprizov and loses puck.
7:43 of 1st period - Snap shot by Mark Scheifele.
7:43 of 1st period - Shot Misses the Net.
8:11 of 1st period - Slapshot by Ryan O'Reilly.
8:11 of 1st period - Shot Misses the Net.
8:13 of 1st period - Wrist shot by Ryan O'Reilly.
8:13 of 1st period - Stopped by Ondrej Pavelec with a rebound.
8:15 of 1st period - Snap shot by Timo Meier.
8:15 of 1st period - Stopped by Ondrej Pavelec without a rebound.
8:16 of 1st period - Sam Gagner wins face-off versus Ryan O'Reilly in Penguins zone.
8:27 of 1st period - Snap shot by Marcus Foligno.
8:27 of 1st period - Goal by Marcus Foligno - Sabres : 1 - Penguins : 2.
8:28 of 1st period - Mika Zibanejad wins face-off versus John Tavares in neutral zone.
9:05 of 1st period - Wrist shot by Evgeni Malkin.
9:05 of 1st period - Shot Blocked by Oscar Klefbom.
9:28 of 1st period - Snap shot by Jimmy Vesey.
9:28 of 1st period - Stopped by Ondrej Pavelec with a rebound.
9:34 of 1st period - Double Minor Penalty to Adam Fox for Slashing.
9:35 of 1st period - Mika Zibanejad wins face-off versus Max Reinhart in Penguins zone.
11:48 of 1st period - John Tavares is hit by Ryan O'Reilly and loses puck.
12:22 of 1st period - Icing by Artemi Panarin.
12:23 of 1st period - Mika Zibanejad wins face-off versus Sam Gagner in Sabres zone.
12:36 of 1st period - Chris Kreider is hit by Keith Aulie and loses puck.
13:34 of 1st period - Penalty to Adam Fox is over, Adam Fox is back on ice.
13:41 of 1st period - Wrist shot by Timo Meier.
13:41 of 1st period - Stopped by Ondrej Pavelec with a rebound.
13:43 of 1st period - Slapshot by Timo Meier.
13:43 of 1st period - Deflect By Ryan O'Reilly.
13:43 of 1st period - Shot Misses the Net.
13:43 of 1st period - Puck is out of play.
13:44 of 1st period - Sebastian Aho wins face-off versus Ryan O'Reilly in Penguins zone.
13:53 of 1st period - Wrist shot by Jimmy Vesey.
13:53 of 1st period - Stopped by Ondrej Pavelec with a rebound.
16:23 of 1st period - Icing by Chris Kreider.
16:24 of 1st period - Max Reinhart wins face-off versus Chris Kreider in Sabres zone.
17:12 of 1st period - Wrist shot by Cal Clutterbuck.
17:12 of 1st period - Stopped by Ondrej Pavelec without a rebound.
17:13 of 1st period - Evgeni Malkin wins face-off versus John Tavares in Penguins zone.
17:18 of 1st period - Snap shot by Artemi Panarin.
17:18 of 1st period - Stopped by Ondrej Pavelec with a rebound.
17:28 of 1st period - Slapshot by Cal Clutterbuck.
17:28 of 1st period - Stopped by Ondrej Pavelec without a rebound.
17:29 of 1st period - Sam Gagner wins face-off versus Mika Zibanejad in Penguins zone.
18:23 of 1st period - Icing by Adam Fox.
18:24 of 1st period - Sebastian Aho wins face-off versus Ryan O'Reilly in Penguins zone.
18:37 of 1st period - Wrist shot by Mark Scheifele.
18:37 of 1st period - Stopped by Igor Shesterkin without a rebound.
18:38 of 1st period - Mika Zibanejad wins face-off versus John Tavares in Sabres zone.
19:05 of 1st period - Gavin Bayreuther is hit by Victor Hedman and loses puck.
19:33 of 1st period - Snap shot by Sam Gagner.
19:33 of 1st period - Shot Misses the Net.
Goals for this period are 1 for Sabres vs 2 for Penguins.
Shots for this period are 14 for Sabres vs 6 for Penguins.
2nd period
0:01 of 2nd period - John Tavares wins face-off versus Mika Zibanejad in neutral zone.
0:04 of 2nd period - Teuvo Teravainen is hit by John Tavares and loses puck.
0:54 of 2nd period - Wrist shot by Ryan O'Reilly.
0:54 of 2nd period - Deflect By Marcus Foligno.
0:54 of 2nd period - Stopped by Ondrej Pavelec with a rebound.
1:37 of 2nd period - Brent Seabrook is hit by Nick Leddy and loses puck.
1:53 of 2nd period - Snap shot by Mathew Barzal.
1:53 of 2nd period - Shot Misses the Net.
2:20 of 2nd period - Nick Leddy is hit by Brent Seabrook and loses puck.
2:29 of 2nd period - Snap shot by Mika Zibanejad.
2:29 of 2nd period - Shot Misses the Net.
2:31 of 2nd period - Wrist shot by Mika Zibanejad.
2:31 of 2nd period - Shot Blocked by Nick Leddy.
2:35 of 2nd period - Snap shot by Mika Zibanejad.
2:35 of 2nd period - Shot Misses the Net.
3:21 of 2nd period - Wrist shot by Corey Perry.
3:21 of 2nd period - Shot Blocked by Nick Leddy.
3:23 of 2nd period - Snap shot by Mika Zibanejad.
3:23 of 2nd period - Stopped by Ondrej Pavelec with a rebound.
3:25 of 2nd period - Slapshot by Michael Matheson.
3:25 of 2nd period - Deflect By Keith Aulie.
3:25 of 2nd period - Stopped by Ondrej Pavelec without a rebound.
3:26 of 2nd period - Evgeni Malkin wins face-off versus John Tavares in Penguins zone.
3:27 of 2nd period - Snap shot by Artemi Panarin.
3:27 of 2nd period - Shot Blocked by Adam Fox.
3:31 of 2nd period - Snap shot by Artemi Panarin.
3:31 of 2nd period - Shot Misses the Net.
3:33 of 2nd period - Wrist shot by Artemi Panarin.
3:33 of 2nd period - Stopped by Ondrej Pavelec with a rebound.
4:06 of 2nd period - Slapshot by Oscar Klefbom.
4:06 of 2nd period - Shot Misses the Net.
4:35 of 2nd period - Slapshot by Adam Fox.
4:35 of 2nd period - Deflect By Kirill Kaprizov.
4:35 of 2nd period - Stopped by Igor Shesterkin without a rebound.
4:36 of 2nd period - Ryan O'Reilly wins face-off versus Sebastian Aho in Sabres zone.
5:07 of 2nd period - Slapshot by Gavin Bayreuther.
5:07 of 2nd period - Shot Misses the Net.
5:09 of 2nd period - Slapshot by Gavin Bayreuther.
5:09 of 2nd period - Shot Misses the Net.
5:11 of 2nd period - Snap shot by Marcus Foligno.
5:11 of 2nd period - Shot Blocked by Artemi Panarin.
5:21 of 2nd period - Snap shot by Mark Scheifele.
5:21 of 2nd period - Deflect By Timo Meier.
5:21 of 2nd period - Stopped by Igor Shesterkin without a rebound.
5:22 of 2nd period - Mark Scheifele wins face-off versus Jimmy Vesey in Sabres zone.
5:29 of 2nd period - Slapshot by Kirill Kaprizov.
5:29 of 2nd period - Shot Blocked by Jakob Chychrun.
5:58 of 2nd period - John Tavares is hit by Artemi Panarin and loses puck.
7:56 of 2nd period - Wrist shot by Mathew Barzal.
7:56 of 2nd period - Shot Misses the Net.
8:04 of 2nd period - Snap shot by Brock Nelson.
8:04 of 2nd period - Deflect By Mathew Barzal.
8:04 of 2nd period - Stopped by Igor Shesterkin with a rebound.
8:20 of 2nd period - Michael Matheson is hit by Oscar Klefbom and loses puck.
8:41 of 2nd period - Slapshot by Ryan O'Reilly.
8:41 of 2nd period - Shot Misses the Net.
8:43 of 2nd period - Wrist shot by Timo Meier.
8:43 of 2nd period - Shot Misses the Net.
9:17 of 2nd period - Pavel Zacha is hit by Timo Meier.
9:36 of 2nd period - Slapshot by Adam Fox.
9:36 of 2nd period - Stopped by Igor Shesterkin without a rebound.
9:37 of 2nd period - Mika Zibanejad wins face-off versus Jakub Voracek in Sabres zone.
9:37 of 2nd period - Mika Zibanejad is hit by Jakub Voracek.
9:45 of 2nd period - Backhand shot by Jakub Voracek.
9:45 of 2nd period - Stopped by Igor Shesterkin with a rebound.
9:47 of 2nd period - Slapshot by Jakub Voracek.
9:47 of 2nd period - Shot Misses the Net.
9:49 of 2nd period - Slapshot by Adam Fox.
9:49 of 2nd period - Shot Blocked by Victor Hedman.
9:51 of 2nd period - Slapshot by John Tavares.
9:51 of 2nd period - Stopped by Igor Shesterkin with a rebound.
10:23 of 2nd period - Jakob Chychrun is hit by Marcus Foligno and loses puck.
10:30 of 2nd period - Slapshot by Brandon Tanev.
10:30 of 2nd period - Stopped by Igor Shesterkin with a rebound.
11:40 of 2nd period - Victor Hedman is hit by John Tavares and loses puck.
11:45 of 2nd period - Snap shot by John Tavares.
11:45 of 2nd period - Shot Blocked by Mika Zibanejad.
13:03 of 2nd period - Minor Penalty to Keith Aulie for High sticking.
13:04 of 2nd period - Max Reinhart wins face-off versus Mika Zibanejad in Penguins zone.
13:04 of 2nd period - Max Reinhart is hit by Teuvo Teravainen.
13:30 of 2nd period - Evgeni Malkin is hit by Marcus Foligno and loses puck.
15:03 of 2nd period - Penalty to Keith Aulie is over, Keith Aulie is back on ice.
15:38 of 2nd period - Slapshot by Nick Leddy.
15:38 of 2nd period - Stopped by Igor Shesterkin with a rebound.
15:40 of 2nd period - Snap shot by Nick Blankenburg.
15:40 of 2nd period - Shot Misses the Net.
15:42 of 2nd period - Snap shot by Sebastian Aho.
15:42 of 2nd period - Penguins goal is going for a video replay.
15:42 of 2nd period - The goal is good.
15:42 of 2nd period - Goal by Sebastian Aho - Sabres : 1 - Penguins : 3.
15:43 of 2nd period - Mika Zibanejad wins face-off versus John Tavares in neutral zone.
16:47 of 2nd period - Sam Gagner is hit by Chris Kreider and loses puck.
17:17 of 2nd period - Snap shot by Jakub Voracek.
17:17 of 2nd period - Shot Misses the Net.
18:27 of 2nd period - Wrist shot by Mark Scheifele.
18:27 of 2nd period - Stopped by Igor Shesterkin with a rebound.
18:44 of 2nd period - Snap shot by Sebastian Aho.
18:44 of 2nd period - Stopped by Igor Shesterkin with a rebound.
19:07 of 2nd period - Icing by Gavin Bayreuther.
19:08 of 2nd period - Evgeni Malkin wins face-off versus Sebastian Aho in Penguins zone.
19:21 of 2nd period - Slapshot by Mark Scheifele.
19:21 of 2nd period - Shot Misses the Net.
19:37 of 2nd period - Mathew Dumba is hit by Nick Blankenburg and loses puck.
Goals for this period are 0 for Sabres vs 1 for Penguins.
Shots for this period are 4 for Sabres vs 11 for Penguins.
3rd period
0:01 of 3rd period - John Tavares wins face-off versus Chris Kreider in neutral zone.
0:11 of 3rd period - Backhand shot by Victor Hedman.
0:11 of 3rd period - Shot Misses the Net.
0:54 of 3rd period - Snap shot by Sebastian Aho.
0:54 of 3rd period - Stopped by Igor Shesterkin with a rebound.
0:56 of 3rd period - Wrist shot by Sebastian Aho.
0:56 of 3rd period - Stopped by Igor Shesterkin with a rebound.
1:10 of 3rd period - Wrist shot by Mathew Barzal.
1:10 of 3rd period - Stopped by Igor Shesterkin with a rebound.
1:32 of 3rd period - Slapshot by Mathew Dumba.
1:32 of 3rd period - Stopped by Ondrej Pavelec without a rebound.
1:33 of 3rd period - Evgeni Malkin wins face-off versus John Tavares in Penguins zone.
1:34 of 3rd period - Snap shot by Cal Clutterbuck.
1:34 of 3rd period - Stopped by Ondrej Pavelec without a rebound.
1:35 of 3rd period - Mika Zibanejad wins face-off versus John Tavares in Penguins zone.
2:07 of 3rd period - Wrist shot by Brandon Tanev.
2:07 of 3rd period - Stopped by Igor Shesterkin with a rebound.
2:21 of 3rd period - Snap shot by Brandon Tanev.
2:21 of 3rd period - Stopped by Igor Shesterkin with a rebound.
2:23 of 3rd period - Slapshot by Keith Aulie.
2:23 of 3rd period - Stopped by Igor Shesterkin without a rebound.
2:24 of 3rd period - Sebastian Aho wins face-off versus Jimmy Vesey in Sabres zone.
2:46 of 3rd period - Slapshot by Adam Fox.
2:46 of 3rd period - Stopped by Igor Shesterkin with a rebound.
2:48 of 3rd period - Wrist shot by Gavin Bayreuther.
2:48 of 3rd period - Deflect By Mark Scheifele.
2:48 of 3rd period - Penguins goal is going for a video replay.
2:48 of 3rd period - The goal is refused. The puck has entered the net after making contact with an attacking player’s stick that is above the height of the crossbar..
2:49 of 3rd period - Mika Zibanejad wins face-off versus John Tavares in Sabres zone.
2:49 of 3rd period - Mika Zibanejad is hit by John Tavares.
2:59 of 3rd period - Wrist shot by Pavel Zacha.
2:59 of 3rd period - Stopped by Igor Shesterkin without a rebound.
3:00 of 3rd period - John Tavares wins face-off versus Mika Zibanejad in Sabres zone.
3:38 of 3rd period - Oscar Klefbom is hit by Artemi Panarin and loses puck.
4:26 of 3rd period - Brock Nelson is hit by Tomas Nosek and loses puck.
5:17 of 3rd period - Slapshot by Keith Aulie.
5:17 of 3rd period - Shot Blocked by Ryan O'Reilly.
5:19 of 3rd period - Wrist shot by Brandon Tanev.
5:19 of 3rd period - Shot Misses the Net.
5:21 of 3rd period - Wrist shot by Brandon Tanev.
5:21 of 3rd period - Deflect By Ryan O'Reilly.
5:21 of 3rd period - Shot Blocked by Jakob Chychrun.
5:21 of 3rd period - Puck is out of play.
5:22 of 3rd period - Evgeni Malkin wins face-off versus Sam Gagner in Sabres zone.
5:22 of 3rd period - Evgeni Malkin is hit by Brandon Tanev.
5:38 of 3rd period - Wrist shot by Evgeni Malkin.
5:38 of 3rd period - Shot Misses the Net.
5:48 of 3rd period - Teuvo Teravainen is hit by Mark Scheifele and loses puck.
5:57 of 3rd period - Jakob Chychrun is hit by Kirill Kaprizov and loses puck.
6:08 of 3rd period - Nick Blankenburg is hit by Jakob Chychrun and loses puck.
6:43 of 3rd period - Slapshot by Mika Zibanejad.
6:43 of 3rd period - Shot Misses the Net.
6:45 of 3rd period - Snap shot by Chris Kreider.
6:45 of 3rd period - Goal by Chris Kreider - Sabres : 2 - Penguins : 3.
6:46 of 3rd period - Evgeni Malkin wins face-off versus John Tavares in neutral zone.
7:40 of 3rd period - Nick Leddy is hit by Tyson Barrie and loses puck.
9:05 of 3rd period - Icing by Michael Matheson.
9:06 of 3rd period - Evgeni Malkin wins face-off versus John Tavares in Sabres zone.
9:17 of 3rd period - Snap shot by Evgeni Malkin.
9:17 of 3rd period - Stopped by Ondrej Pavelec without a rebound.
9:18 of 3rd period - John Tavares wins face-off versus Mika Zibanejad in Penguins zone.
9:59 of 3rd period - Snap shot by Kirill Kaprizov.
9:59 of 3rd period - Stopped by Igor Shesterkin with a rebound.
10:30 of 3rd period - Adam Fox is hit by Ryan O'Reilly and loses puck.
10:37 of 3rd period - Snap shot by Jimmy Vesey.
10:37 of 3rd period - Goal by Jimmy Vesey - Sabres : 3 - Penguins : 3.
10:38 of 3rd period - Mika Zibanejad wins face-off versus John Tavares in neutral zone.
10:43 of 3rd period - Snap shot by Mika Zibanejad.
10:43 of 3rd period - Shot Misses the Net.
10:47 of 3rd period - Wrist shot by Teuvo Teravainen.
10:47 of 3rd period - Stopped by Ondrej Pavelec with a rebound.
10:49 of 3rd period - Wrist shot by Chris Kreider.
10:49 of 3rd period - Shot Misses the Net.
10:51 of 3rd period - Wrist shot by Teuvo Teravainen.
10:51 of 3rd period - Stopped by Ondrej Pavelec with a rebound.
10:53 of 3rd period - Slapshot by Mika Zibanejad.
10:53 of 3rd period - Shot Blocked by Jakub Voracek.
11:03 of 3rd period - Pavel Zacha is hit by Jakob Chychrun and loses puck.
11:57 of 3rd period - Slapshot by Sebastian Aho.
11:57 of 3rd period - Shot Misses the Net.
11:59 of 3rd period - Slapshot by Nick Leddy.
11:59 of 3rd period - Shot Misses the Net.
12:01 of 3rd period - Snap shot by Mark Scheifele.
12:01 of 3rd period - Stopped by Igor Shesterkin with a rebound.
12:16 of 3rd period - Wrist shot by Corey Perry.
12:16 of 3rd period - Goal by Corey Perry - Sabres : 4 - Penguins : 3.
12:17 of 3rd period - John Tavares wins face-off versus Teuvo Teravainen in neutral zone.
12:44 of 3rd period - Artemi Panarin is hit by Sam Gagner and loses puck.
14:13 of 3rd period - Wrist shot by Cal Clutterbuck.
14:13 of 3rd period - Shot Blocked by Keith Aulie.
14:25 of 3rd period - Sebastian Aho is hit by Michael Matheson and loses puck.
15:36 of 3rd period - Snap shot by Jakub Voracek.
15:36 of 3rd period - Shot Misses the Net.
15:38 of 3rd period - Wrist shot by Pavel Zacha.
15:38 of 3rd period - Shot Blocked by Mathew Dumba.
15:40 of 3rd period - Snap shot by Jakub Voracek.
15:40 of 3rd period - Shot Blocked by Mathew Dumba.
15:59 of 3rd period - Minor Penalty to Artemi Panarin for Goalie Interference.
16:00 of 3rd period - John Tavares wins face-off versus Mika Zibanejad in Sabres zone.
16:37 of 3rd period - Wrist shot by Kirill Kaprizov.
16:37 of 3rd period - Goal by Kirill Kaprizov - Sabres : 4 - Penguins : 4.
16:38 of 3rd period - Evgeni Malkin wins face-off versus Marcus Foligno in neutral zone.
18:09 of 3rd period - Gavin Bayreuther is hit by Mika Zibanejad and loses puck.
19:05 of 3rd period - Jakub Voracek is hit by Michael Matheson and loses puck.
19:20 of 3rd period - Timo Meier is hit by Keith Aulie and loses puck.
19:29 of 3rd period - Snap shot by Corey Perry.
19:29 of 3rd period - Stopped by Ondrej Pavelec with a rebound.
19:51 of 3rd period - Jonas Brodin is hit by Gavin Bayreuther and loses puck.
Goals for this period are 3 for Sabres vs 1 for Penguins.
Shots for this period are 9 for Sabres vs 12 for Penguins.
Overtime #1
0:01 of 1st overtime period - John Tavares wins face-off versus Mika Zibanejad in neutral zone.
0:06 of 1st overtime period - Backhand shot by Mark Scheifele.
0:06 of 1st overtime period - Shot Misses the Net.
0:16 of 1st overtime period - Snap shot by Mika Zibanejad.
0:16 of 1st overtime period - Stopped by Ondrej Pavelec with a rebound.
1:01 of 1st overtime period - Snap shot by Ryan O'Reilly.
1:01 of 1st overtime period - Goal by Ryan O'Reilly - Sabres : 5 - Penguins : 4.
Goals for this period are 1 for Sabres vs 0 for Penguins.
Shots for this period are 2 for Sabres vs 0 for Penguins.